 Dungeon Crawl Stone Soup version 0.30-a0-782-ge64f9170bb (webtiles) character file.

Game seed: 6187595536905373654

226 MacCMillion the Shooter (level 5, 0/25 HPs)
             Began as a Spriggan Hunter on Mar 2, 2023.
             Succumbed to a kobold brigand's curare-tipped dart
             ... in a sewer.
             The game lasted 00:03:17 (1849 turns).

MacCMillion the Shooter (Spriggan Hunter)           Turns: 1849, Time: 00:03:17

Health: 0/25       AC:  3    Str:  7    XL:     5   Next: 69%
Magic:  6/6        EV: 18    Int: 10    God:
Gold:   209        SH:  0    Dex: 21    Spells: 4/4 levels left

rFire   . . .      SeeInvis +    a - +0 shortbow
rCold   . . .      Faith    .    (shield currently unavailable)
rNeg    . . .      Spirit   .    c - +0 robe
rPois   .          Reflect  .    (helmet restricted)
rElec   .          Harm     .    k - +0 cloak
rCorr   .          Rampage  .    (gloves unavailable)
Will    .....                    (boots unavailable)
Stlth   ++                       (no amulet)
HPRegen 0.24/turn                (no ring)
MPRegen 0.10/turn                (no ring)

@: mighty, lethally poisoned (0 -> -29), slowed, quick
A: very small, no large weapons, unfitting armour, see invisible, speed 3
a: no special abilities


You were in a sewer.
You visited 1 branch of the dungeon, and saw 3 of its levels.
You also visited: Sewer.

You collected 209 gold pieces.

Inventory:

Hand Weapons
 a - a +0 shortbow (weapon)
Armour
 c - a +0 robe (worn)
 k - a +0 cloak (worn)
Wands
 o - a wand of roots (11)
Scrolls
 b - 2 scrolls of immolation
 d - a scroll of teleportation {unknown}
 f - 3 scrolls of enchant armour {unknown}
 i - a scroll of identify {unknown}
 j - 3 scrolls of poison {unknown}
 m - a scroll of blinking {unknown}
 n - a scroll of magic mapping {unknown}
 p - a scroll of fog {unknown}
Potions
 e - a potion of might
 g - 2 potions of curing {unknown}
 h - 3 potions of magic {unknown}
 l - 2 potions of haste {unknown}


   Skills:
 - Level 1.6 Fighting
 + Level 7.0 Ranged Weapons
 - Level 2.7 Dodging
 - Level 1.6 Stealth


You had 4 spell levels left.
You didn't know any spells.
Your spell library contained the following spells:

 Spells                   Type           Power      Damage    Failure   Level
 Kindle Blastsparks       Fire/Tloc/Air  0%         2d10      75%         3
 Fulminant Prism          Conj/Hex       0%         3d5       98%         4
 Iskenderun's Mystic Bla  Conj/Tloc      0%         2d3       98%         4
 Lee's Rapid Deconstruct  Erth           0%         3d4*      100%        5


Dungeon Overview and Level Annotations

Branches:
Dungeon (3/15)              Sewer (1/1)

Altars:


Innate Abilities, Weirdness & Mutations

You are very small and have problems with some larger weapons.
You are too small for most types of armour.
You have supernaturally acute eyesight. (SInv)
You cover ground extremely quickly. (Speed+++)


Message History

A kobold brigand comes into view.
It is wielding a +0 short sword and quivering curare-tipped darts.
You shoot an arrow.
The arrow completely misses the kobold brigand.
No target in view!
You start waiting.
A kobold brigand is nearby!
You shoot an arrow. The arrow hits the kobold brigand!
The kobold brigand is moderately wounded.
You shoot an arrow.
The arrow barely misses the kobold brigand.
You shoot an arrow. The arrow hits the kobold brigand!
The kobold brigand is heavily wounded.
The kobold brigand throws a curare-tipped dart.
The curare-tipped dart completely misses you.
The curare-tipped dart hits the plant.
You shoot an arrow.
The arrow hits the kobold brigand but does no damage.
The kobold brigand is heavily wounded.
You shoot an arrow. The arrow hits the kobold brigand.
The kobold brigand is severely wounded.
You shoot an arrow.
The arrow barely misses the kobold brigand.
The kobold brigand throws a curare-tipped dart.
The curare-tipped dart hits you.
You are poisoned.
You have difficulty breathing.
You feel yourself slow down.
You shoot an arrow. The arrow hits the kobold brigand!
The kobold brigand is almost dead.
You feel very sick.
The kobold brigand throws a curare-tipped dart.
The curare-tipped dart completely misses you.
The curare-tipped dart hits the plant.
The kobold brigand throws a curare-tipped dart.
The curare-tipped dart hits you.
You are lethally poisoned!
You have difficulty breathing.
You feel as though you will be slow longer.
It was a potion of might.
You feel very mighty all of a sudden.
You die...

#P. ~) #~##P######
†~ #~#P.~~~~~#
###)## #~#..######
~~.†. #~#....≈≈≈#
###~~.##~#.∩.≈≈≈≈#
~~.~.K.#~#.∩.≈≈≈≈#
.....~)#†#...≈≈≈##
~~.~~.~@....≈≈≈##
.~~.....P...≈≈##
PP###.~PP...###
#########


You could see a kobold brigand.

Vanquished Creatures
  A kobold brigand (Sewer)
  Natasha (twice) (D:2)
  2 adders
  A worm (D:2)
  2 dart slugs (D:2)
  An orc (D:2)
  4 endoplasms
  6 giant cockroaches
  9 hobgoblins
  8 jackals (D:1)
  5 kobolds
  A quokka (D:2)
  7 ball pythons
  2 bats (D:1)
  6 frilled lizards
  11 goblins
  8 rats
76 creatures vanquished.

Vanquished Creatures (others)
  7 plants (Sewer)
7 creatures vanquished.

Grand Total: 83 creatures vanquished

Notes
Turn   | Place    | Note
-------+----------+-------------------------------------------
     0 | D:1      | MacCMillion the Spriggan Hunter began the quest for the
                  | Orb.
     0 | D:1      | Reached XP level 1. HP: 10/10 MP: 2/2
   161 | D:1      | Reached XP level 2. HP: 14/14 MP: 3/3
   431 | D:1      | Reached XP level 3. HP: 18/18 MP: 4/4
   626 | D:1      | Reached skill level 5 in Ranged Weapons
  1064 | D:2      | Noticed Natasha
  1067 | D:2      | Killed Natasha
  1074 | D:2      | Reached XP level 4. HP: 22/22 MP: 5/5
  1317 | D:2      | Noticed Natasha
  1321 | D:2      | Killed Natasha
  1322 | D:2      | Reached skill level 6 in Ranged Weapons
  1700 | D:3      | Reached XP level 5. HP: 25/25 MP: 6/6
  1710 | D:3      | Found a glowing drain.
  1719 | Sewer    | Entered a sewer
  1786 | Sewer    | Reached skill level 7 in Ranged Weapons
  1849 | Sewer    | Succumbed to a kobold brigand's curare-tipped dart

Illustrated notes

Levels and vault maps discovered:
D:1:      dpeg_arrival_circle_labyrinth_c, layout_basic,
          wander_ebering_terrifying_dragon_lair
D:2:      layout_basic, uniq_natasha
D:3:      cheibrodos_greedy_goblins, layout_rooms,
          nicolae_qazlal_style_of_elements, cheibrodos_sewer_entry_drain,
          minmay_crystal_room, minmay_joined_circles
Sewer:    sewer_co_scattered_pipes

Skill      XL: |  1  2  3  4  5 |
---------------+----------------+-----
Ranged Weapons | 5 6 7 |  7.0
Fighting       | |  1.6
Dodging        | |  2.7
Stealth        | |  1.6

Action                     |  1- 3 |  4- 6 || total
---------------------------+-------+-------++-------
   Fire: Shortbow          |    76 |   115 ||   191
    Use: Potion            |       |     1 ||     1
 Armour: Robe              |     3 |     2 ||     5
  Dodge: Dodged            |    14 |    34 ||    48

Table legend: (Time is in decaauts)
 A = Elapsed time spent in this place.
 B = Non-inter-level travel time spent in this place.
 C = Inter-level travel time spent in this place.
 D = Time resting spent in this place.
 E = Time spent auto-exploring this place.
 F = Levels seen in this place.
 G = Mean time per level.
                   A        B        C        D        E       F      G
               +--------+--------+--------+--------+--------+-----+--------+
         Total |   1304 |   1223 |     81 |     91 |    721 |   4 |  326.0 |
       Dungeon |   1169 |   1088 |     81 |     25 |    707 |   3 |  389.7 |
         Sewer |    134 |    134 |      0 |     66 |     14 |   1 |  134.0 |
               +--------+--------+--------+--------+--------+-----+--------+

Top non-repeatable levels by time:
     D:1: 602 daAuts
     D:2: 377 daAuts
     D:3: 189 daAuts
   Sewer: 134 daAuts
